 Dungeon Crawl Stone Soup version 0.20.1-1-g8b1a95d (webtiles) character file.

27 raph the Grave Robber (level 2, -4/22 HPs)
             Began as a Deep Dwarf Necromancer on Oct 1, 2017.
             Slain by a gnoll
             ... wielding a +0 halberd
              (7 damage)
             ... on level 2 of the Dungeon.
             The game lasted 00:02:58 (1321 turns).

raph the Grave Robber (Deep Dwarf Necromancer)      Turns: 1321, Time: 00:02:59

Health: -4/22      AC:  3    Str: 11    XL:     2   Next: 93%
Magic:  2/4        EV: 12    Int: 15    God:
Gold:   27         SH:  0    Dex: 13    Spells: 2/4 levels left

rFire    . . .     SeeInvis .   e - +0 dagger
rCold    . . .     Gourm    .   (no shield)
rNeg     . . .     Faith    .   d - +0 leather armour
rPois    .         Spirit   .   (no helmet)
rElec    .         Reflect  .   (no cloak)
rCorr    .         Harm     .   (no gloves)
MR       .....                  (no boots)
Stlth    ++........             (no amulet)
Regen    0.0/turn               (no ring)
MPRegen  0.1/turn               (no ring)

@: non-regenerating
A: damage resistance, heal wounds, sense surroundings 1, no regeneration
a: Heal Wounds


You were on level 2 of the Dungeon.
You were not hungry.

You visited 1 branch of the dungeon, and saw 2 of its levels.

You collected 27 gold pieces.

Inventory:

Hand Weapons
 e - a +0 dagger (weapon)
Armour
 a - a +0 robe
 d - a +0 leather armour (worn)
Scrolls
 g - a scroll of remove curse {unknown}
 h - a scroll of recharging {unknown}
 i - 5 scrolls of identify {unknown}
 m - 2 scrolls of teleportation {unknown}
 n - a scroll of blinking {unknown}
Potions
 f - a potion of mutation {unknown}
 k - a potion of might {unknown}
 o - a potion of cancellation {unknown}
Books
 b - a book of Necromancy

   Spells                             Type                      Level
   a - Pain                           Necromancy                   1
   b - Animate Skeleton               Necromancy                   1
   c - Vampiric Draining              Necromancy                   3
   d - Regeneration                   Charms/Necromancy            3
   e - Animate Dead                   Necromancy                   4
   f - Control Undead                 Necromancy                   4
Comestibles
 c - a bread ration
 j - 4 fruits
 l - a chunk of flesh
 p - a royal jelly
 q - a meat ration


   Skills:
 - Level 2.4 Dodging
 - Level 2.6 Stealth
 - Level 1.8 Spellcasting
 * Level 5.2 Necromancy


You had 2 spell levels left.
You knew the following spells:

 Your Spells              Type           Power        Failure   Level  Hunger
a - Pain                  Necr           ###.         3%          1    ##.....
b - Animate Skeleton      Necr           N/A          3%          1    ##.....


Dungeon Overview and Level Annotations

Branches:
Dungeon (2/15)

Altars:

Annotations:
D:2 Natasha


Innate Abilities, Weirdness & Mutations

You are resistant to damage.
You can heal yourself by infusing magical energy.
You passively map a small area around you.
You do not regenerate.


Message History

A gnoll and a kobold come into view.
There are monsters nearby!
Casting: Pain
Confirm with . or Enter, or press ? or * to list all spells.
Aiming: Pain
Press: ? - help, Shift-Dir - straight line, f - gnoll
Aim: a gnoll, wielding a halberd (chance to defeat MR: 81%)
The gnoll writhes in agony!
The kobold shouts!
The gnoll shouts!
The gnoll barely misses you.
The gnoll moves out of view.
A gnoll comes into view. It is wielding a halberd.
Some of the chunks of flesh in your inventory have rotted away.
Casting: Pain
Confirm with . or Enter, or press ? or * to list all spells.
Aiming: Pain
Press: ? - help, Shift-Dir - straight line, f/p - gnoll
Aim: a gnoll, wielding a halberd (heavily wounded, chance to defeat MR: 81%)
The gnoll writhes in agony!
The gnoll hits you from afar with a halberd!
You die...

* ** *** ** , ,,
* * *########## ,
, , #..g.@...# *
#.######.#
#.#...<#.# * *
#.#.####.# **
.Kg.....#......#,
...#########...##
* , , #8...8# *
,, ** ##...## * ,
#...#


You could see a gnoll.

Vanquished Creatures
  3 leopard geckos
  4 bats (D:1)
  2 giant cockroaches (D:2)
  4 goblins (D:1)
  A hobgoblin (D:1)
  A frilled lizard (D:2)
  2 kobolds (D:1)
  3 rats (D:1)
20 creatures vanquished.

Vanquished Creatures (collateral kills)
  A dart slug (D:1)
  A bat (D:1)
2 creatures vanquished.

Grand Total: 22 creatures vanquished

Notes
Turn   | Place    | Note
-------+----------+-------------------------------------------
     0 | D:1      | raph the Deep Dwarf Necromancer began the quest for the Orb.
     0 | D:1      | Reached XP level 1. HP: 15/15 MP: 3/3
    39 | D:1      | Learned a level 1 spell: Animate Skeleton
   243 | D:1      | Reached XP level 2. HP: 22/22 MP: 1/4
   937 | D:1      | Reached skill level 5 in Necromancy
  1132 | D:2      | Noticed Natasha
  1154 | D:2      | Noticed a crimson imp
  1321 | D:2      | Slain by a gnoll

Skill      XL: |  1  2 |
---------------+-------+-----
Necromancy     | 5 |  5.2
Dodging        | |  2.4
Stealth        | |  2.6
Spellcasting   | |  1.8

Action                   || total
-------------------------++-------
Melee: Unarmed           ||     1
       Dagger            ||     6
 Cast: Pain              ||    45
       Animate Skeleton  ||    10
  Eat: Chunk             ||     2
Armor: Leather armour    ||    18
Dodge: Dodged            ||    27
